Map: Lock & Load

Players

NamroodTuo

  • Race: Zerg Zerg

Сеймур

  • Race: Protoss Protoss
  • Spawn Location: 7:00

VOD

Have the link to the VOD?

Description

Time

  • Played on: March 16, 2023, 9:06 a.m.
  • Length: 19:37
Show
View Real Time Build Order
Export as new Build Order

NamroodTuo Zerg 

Build Orders:  

Get SALT Encoding   

  12  0:13  Overlord  
  12  0:18  Infested SCV  
  13  0:27  Infested SCV  
  14  0:35  Infested SCV  
  15  0:44  Overlord  
  15  0:50  Infested SCV  
  16  1:05  Infested SCV  
  17  1:12  Infested Barracks  
  17  1:22  Infested SCV  
  17  1:28  Infested Refinery  
  18  1:37  Infested SCV  
  19  1:42  Infested Refinery  
  19  1:53  Infested SCV  
  20  2:09  Infested SCV  
  21  2:22  Infested Marine  
  21  2:23  Infested Marine x2  
  24  2:38  Infested Factory  
  24  2:48  Infested SCV  
  24  2:49  Infested SCV  
  26  2:56  Infested Marine x3  
  26  2:57  Infested Marine  
  26  2:59  Overlord  
  30  3:13  Infested SCV  
  30  3:19  Infested Barracks Tech Lab  
  31  3:37  Infested Engineering Bay  
  31  3:46  Infested SCV x2  
  31  3:49  Infested Factory Tech Lab  
  33  3:57  Infested Armory  
  30  4:05  Retinal Augmentation  
  30  4:23  Unknown  
  26  4:43  Infested SCV x3  
  26  4:45  Infested Command Center  
  29  4:53  Infested SCV, Regenerative Plating  
  30  5:07  Stukov Vehicle and Ship Weapons Level 1  
  30  5:47  Calcified Armor  
  30  5:48  Infested Factory  
  30  6:34  Plagued Munitions  
  30  6:42  Infested SCV x4  
  30  6:43  Infested Refinery  
  34  6:54  Infested Bunker  
  34  6:56  Overseer  
  34  6:59  Infested SCV  
  39  7:08  Infested Refinery  
  39  7:33  Infested Factory Tech Lab  
  39  7:34  Infested Siege Tank  
  39  7:35  Infested Diamondback  
  39  7:38  Saturated Cultures  
  45  7:55  Overseer  
  45  8:08  Infested SCV  
  45  8:09  Infested SCV x3  
  49  8:18  Infested SCV  
  50  8:22  Infested Siege Tank  
  50  8:29  Overlord x2  
  53  8:30  Overlord x2  
  53  8:53  Overlord  
  53  8:58  Overlord  
  53  9:00  Overlord  
  53  9:01  Overlord  
  53  9:16  Infested Siege Tank, Infested Diamondback  
  59  9:36  Infested Siege Tank  
  59  9:37  Infested Diamondback  
  65  9:59  Infested Siege Tank, Infested Diamondback  
  71  10:12  Infested Siege Tank  
  71  10:18  Infested SCV  
  71  10:19  Infested SCV x4  
  79  10:41  Stukov Vehicle and Ship Armor Level 1  
  79  10:57  Infested Siege Tank, Infested Diamondback  
  85  11:02  Infested Siege Tank  
  88  11:26  Overseer  
  88  11:27  Overseer x2  
  88  11:31  Overlord x3  
  88  11:32  Overlord  
  88  11:40  Infested Siege Tank  
  88  11:48  Infested SCV x2  
  88  11:49  Infested SCV  
  94  11:50  Infested SCV  
  94  11:52  Infested SCV  
  96  12:13  Infested Bunker  
  100  12:57  Infested Siege Tank, Infested Diamondback  
  100  12:58  Infested Siege Tank, Infested Diamondback  
  112  13:09  Infested Bunker  
  116  13:10  Infested SCV x2  
  116  13:11  Infested SCV x2  
  116  13:17  Stukov Infantry Armor Level 1  
  116  13:19  Infested Diamondback  
  123  13:21  Stukov Vehicle and Ship Weapons Level 2  
  123  13:22  Overlord  
  123  13:26  Overlord  
  123  13:48  Acidic Enzymes  
  123  13:53  Caustic Mucus  
  123  15:13  Stukov Infantry Weapons Level 1  
  123  15:18  Automated Mitosis  
  123  15:37  Infested Siege Tank  
  123  15:38  Infested Siege Tank x2, Infested Diamondback x2  
  123  15:39  Infested Siege Tank, Infested Diamondback  
  148  15:51  Infested Bunker  
  152  16:15  Overseer  
  152  16:16  Overseer x2  
  152  16:28  Infested Siege Tank x2, Infested Diamondback  
  152  16:29  Infested Diamondback  
  164  16:32  Infested Bunker  
  164  16:35  Overlord x4  
  164  16:36  Overlord x3  
  152  18:37  Infested Siege Tank, Infested Diamondback  
  152  18:38  Infested Siege Tank x3, Infested Diamondback x3  
  152  18:39  Infested Siege Tank, Infested Diamondback  
Show
View Real Time Build Order
Export as new Build Order

Сеймур Protoss 

Build Orders:  

Get SALT Encoding   

  12  0:37  Assimilator  
  12  0:44  Assimilator  
  12  1:09  Pylon  
  12  1:22  Mothership  
  12  1:33  Pylon  
  12  1:35  Probe (Chrono Boost)  
  12  1:37  Pylon  
  13  1:48  Probe (Chrono Boost)  
  15  2:00  Probe (Chrono Boost)  
  15  2:12  Probe (Chrono Boost)  
  16  2:24  Probe (Chrono Boost)  
  17  5:04  Gateway  
  17  5:06  Gateway  
  17  5:12  Forge  
  17  5:14  Forge  
  17  5:18  Probe (Chrono Boost)  
  18  5:35  Probe (Chrono Boost)  
  26  5:52  Probe (Chrono Boost)  
  29  6:08  Probe (Chrono Boost)  
  30  6:25  Probe (Chrono Boost)  
  31  6:56  Cybernetics Core  
  32  7:03  Probe (Chrono Boost)  
  32  7:19  Pylon  
  33  7:20  Probe (Chrono Boost)  
  33  7:24  Pylon  
  33  7:29  Pylon  
  33  7:37  Probe (Chrono Boost)  
  32  7:54  Probe (Chrono Boost)  
  33  8:11  Probe (Chrono Boost)  
  48  8:53  Warp Gate  
  60  9:53  Cloaking Module  
  57  10:23  Havoc x2  
  59  10:42  Nexus  
  59  10:48  Assimilator  
  59  10:53  Bloodshard Resonance, Protoss Ground Weapons Level 1, Protoss Air Weapons Level 1, Assimilator  
  59  10:59  Protoss Ground Armor Level 1, Protoss Air Armor Level 1  
  59  11:12  Death Council  
  48  13:00  Detect Weakness  
  48  13:14  Probe (Chrono Boost)  
  49  13:26  Probe x2 (Chrono Boost)  
  51  13:33  Imposing Presence  
  51  13:35  Havoc  
  51  13:38  Probe (Chrono Boost), Supplicant x2  
  58  13:43  Probe (Chrono Boost)  
  58  13:50  Telekinesis  
  58  13:59  Probe (Chrono Boost)  
  59  14:05  Supplicant x2  
  59  14:09  Supplicant x2  
  76  15:29  Protoss Ground Weapons Level 2, Protoss Air Weapons Level 2  
  76  15:50  Pylon  
  76  15:54  Pylon  
  76  15:59  Pylon  
  76  16:02  Pylon  
  76  16:06  Pylon  
  76  16:11  Pylon  
Tags
 
Commander
AlarakStukov
Matchup
Co-op
Replay Pack
Multiplayer
Add a new tag
Caveats
  • Supply blocks, unpowered buildings, or Contaminate may cause inaccurate times.
  • Supply counts are checked every 10 seconds.